 Dungeon Crawl Stone Soup version 0.22.1-2-g9c5b331383 (webtiles) character file.

13 Marnok the Digger (level 2, -9/15 HPs)
             Began as a Gargoyle Earth Elementalist on Nov 22, 2018.
             Mangled by a worm (10 damage)
             ... on level 2 of the Dungeon.
             The game lasted 00:05:24 (544 turns).

Marnok the Digger (Gargoyle Earth Elementalist)      Turns: 544, Time: 00:05:25

Health: -9/15      AC:  4    Str: 11    XL:     2   Next: 37%
Magic:  5/5        EV: 12    Int: 15    God:
Gold:   0          SH:  0    Dex: 10    Spells: 4/5 levels left

rFire    . . .     SeeInvis .   f - +0 short sword
rCold    . . .     Gourm    .   (no shield)
rNeg     + . .     Faith    .   n - +0 robe (curse)
rPois    ∞         Spirit   .   (no helmet)
rElec    +         Reflect  .   (no cloak)
rCorr    .         Harm     .   (no gloves)
MR       .....                  (no boots)
Stlth    ++........             (no amulet)
HPRegen  0.05/turn              (no ring)
MPRegen  0.09/turn              (no ring)

@: hasted, very quick
A: negative energy resistance 1, electricity resistance, unbreathing,
petrification resistance, rot immunity, AC +2
a: no special abilities


You were on level 2 of the Dungeon.
You were not hungry.

You visited 1 branch of the dungeon, and saw 2 of its levels.

Inventory:

Hand Weapons
 f - a +0 short sword (weapon)
Missiles
 b - 24 stones (quivered)
Armour
 c - a +0 robe
 n - a cursed +0 robe (worn)
Scrolls
 a - 2 scrolls of identify {unknown}
 g - a scroll of noise {unknown}
 h - a scroll of remove curse {unknown}
 l - a scroll of enchant armour {unknown}
Potions
 i - a potion of might {unknown}
 j - a potion of berserk rage {unknown}
 k - a potion of curing {unknown}
 m - a potion of flight {unknown}
Comestibles
 d - 3 rations


   Skills:
 + Level 0.1 Short Blades
 + Level 1.6 Dodging
 + Level 2.3 Stealth
 + Level 2.3 Spellcasting
   Level 0.7 Transmutations
 + Level 4.0 Earth Magic


You had 4 spell levels left.
You knew the following spells:

 Your Spells              Type           Power        Failure   Level  Hunger
a - Sandblast             Erth           ##....       4%          1    #......

Your spell library contained the following spells:

 Spells                   Type           Power        Failure   Level  Hunger
 Passwall                 Tmut/Erth      #.......     12%         2    ###....
 Stone Arrow              Conj/Erth      #.....       28%         3    ###....
 Petrify                  Tmut/Erth      #.......     63%         4    #####..
 Lee's Rapid Deconstruct  Erth           ##........   75%         5    ######.


Dungeon Overview and Level Annotations

Branches:
Dungeon (2/15)

Altars:
The Shining One


Innate Abilities, Weirdness & Mutations

You are resistant to torment.
Your stone body is resilient. (AC +2)
You are immune to poison.
You resist negative energy. (rN+)
You are resistant to electric shocks. (rElec)
You can survive without breathing.
You are immune to petrification.
You are immune to rotting.


Message History

The worm bites you but does no damage.
You barely miss the worm.
The worm is lightly wounded.
The worm closely misses you.
You hit the worm but do no damage. You hit the worm.
The worm is moderately wounded.
The worm bites you.
You hit the worm.
The worm is heavily wounded.
The worm bites you.
You hit the worm.
The worm is severely wounded.
The worm bites you.
* * * LOW HITPOINT WARNING * * *
You barely miss the worm.
The worm is severely wounded.
It was a potion of haste.
You feel yourself speed up. The worm bites you!
Ouch! That really hurt!
You die...

### .. .# #.
. .#.# ... ..
...## ... ...
..>.# ...
$... #... ...
...>. #..#
...
......#..####
#.@....#
#.w....#
#......#
#......#
#......#
########


You could see a worm.

Vanquished Creatures
  An ooze (D:2)
  A bat (D:1)
  3 hobgoblins (D:1)
  A kobold (D:1)
  A frilled lizard (D:1)
  A rat (D:2)
8 creatures vanquished.

Notes
Turn   | Place    | Note
-------+----------+-------------------------------------------
     0 | D:1      | Marnok the Gargoyle Earth Elementalist began the quest for
                  | the Orb.
     0 | D:1      | Reached XP level 1. HP: 10/10 MP: 3/3
   248 | D:1      | Reached skill level 4 in Earth Magic
   248 | D:1      | Reached XP level 2. HP: 15/15 MP: 3/5
   291 | D:1      | Found a glowing golden altar of the Shining One.
   544 | D:2      | Mangled by a worm

Skill      XL: |  1 |
---------------+----+-----
Earth Magic    | 4 |  4.0
Short Blades   | |  0.1
Dodging        | |  1.6
Stealth        | |  2.3
Spellcasting   | |  2.3
Transmutations | |  0.7

Action                   || total
-------------------------++-------
Melee: Short sword       ||    28
 Cast: Sandblast         ||     9
  Use: Potion            ||     1
 Stab: Sleeping          ||     1
Armor: Robe              ||     3
Dodge: Dodged            ||    16
